 Dungeon Crawl Stone Soup version 0.31.0-11-ge490571c62 (webtiles) character file.

Game seed: 15858504706505364481

98 ces the Chopper (level 4, -2/40 HPs)
             Began as a Minotaur Chaos Knight on Feb 2, 2024.
             Was a Plaything of Xom.
             Slain by a killer bee (4 damage)
             ... on level 4 of the Dungeon.
             The game lasted 00:02:25 (2313 turns).

ces the Chopper (Minotaur Chaos Knight)             Turns: 2313, Time: 00:02:25

Health: -2/40      AC:  5    Str: 18    XL:     4   Next: 44%
Magic:  3/3        EV: 11    Int:  9    God:    Xom [..*...]
Gold:   86         SH:  0    Dex: 10    Spells: 3/3 levels left

rFire   . . .        a - +0 hand axe (chaos)
rCold   . . .        (no shield)
rNeg    . . .        b - +2 leather armour
rPois   .            (helmet restricted)
rElec   .            (no cloak)
rCorr   .            (no gloves)
SInv    .            (no boots)
Will    .....        (no amulet)
Stlth   +            (no ring)
HPRegen 0.26/turn    (no ring)
MPRegen 0.08/turn

%: no passive effects
@: lethally poisoned (-2 -> -8), hasted, very quick
A: horns 2, retaliatory headbutt
a: Renounce Religion


You were on level 4 of the Dungeon.
You worshipped Xom.
You were a toy of Xom.
You visited 1 branch of the dungeon, and saw 4 of its levels.

You collected 86 gold pieces.

Inventory:

Hand Weapons
 a - a +0 hand axe of chaos (weapon)
Armour
 b - a +2 leather armour (worn)
Jewellery
 e - a +6 ring of strength
Wands
 p - a wand of flame (14)
Scrolls
 c - a scroll of butterflies
 h - 5 scrolls of identify {unknown}
 j - a scroll of noise {unknown}
 k - 2 scrolls of fog {unknown}
 m - a scroll of summoning {unknown}
 n - a scroll of amnesia {unknown}
 o - a scroll of enchant armour {unknown}
 t - a scroll of revelation {unknown}
Potions
 i - 2 potions of lignification {unknown}
 l - 3 potions of degeneration {unknown}
 q - a potion of berserk rage {unknown}
 r - a potion of magic {unknown}
 s - a potion of might {unknown}


   Skills:
 + Level 4.3 Fighting
 * Level 4.9 Axes
 + Level 3.3 Armour
 + Level 2.2 Dodging


You had 3 spell levels left.
You didn't know any spells.
Your spell library was empty.

Dungeon Overview and Level Annotations

Branches:
Dungeon (4/15)
 Temple: D:4-7

Altars:
Zin


Innate Abilities, Weirdness & Mutations

You have a pair of horns on your head.
You reflexively headbutt those who attack you in melee.


Message History

The killer bee stings you.
The killer bee stings you but does no damage.
It was a potion of curing.
You feel better.
Xom thinks this is hilarious!
The killer bee stings you. x2; The killer bee stings you!
The orc hits you with a +0 club.
The killer bee stings you but does no damage.
The killer bee closely misses you. The killer bee barely misses you.
The killer bee barely misses you.
The killer bee attacks as it pursues you!
The killer bee stings you. The killer bee closely misses you.
The killer bee closely misses you. The killer bee stings you!
* * * LOW HITPOINT WARNING * * *
The killer bee closely misses you. You furiously retaliate!
You headbutt the killer bee.
The killer bee attacks as it pursues you!
The killer bee closely misses you.
You see here a +0 chain mail.
The killer bee stings you but does no damage.
The killer bee stings you.
* * * LOW HITPOINT WARNING * * *
The killer bee closely misses you. You furiously retaliate!
You headbutt the killer bee!
Xom's power almost touches on you for a moment.
Your eyebrows briefly feel incredibly bushy.
The killer bee attacks as it pursues you!
The killer bee stings you.
* * * LOW HITPOINT WARNING * * *
You are lethally poisoned!
The killer bee poisons you! The killer bee closely misses you.
The killer bee stings you.
* * * LOW HITPOINT WARNING * * *
* * * LOW HITPOINT WARNING * * *
You feel very sick. The killer bee barely misses you.
The killer bee closely misses you.
It was a potion of haste.
You feel yourself speed up.
* * * LOW HITPOINT WARNING * * *
You feel sick. The killer bee stings you.
You die...
Xom chortles!

........#.....#
#....§☼§.....#
#○§'# #○§.#
##o#.## #.[...#
#yy#..# ####yy.##
#.########.##@#.#
#......<....#...#
###########.....#
#######


You could see 4 killer bees and an orc.

Vanquished Creatures
  A shadow imp (D:3)
  4 dart slugs
  A ribbon worm (D:3)
  3 orcs
  7 ball pythons
  11 endoplasms
  2 giant cockroaches (D:2)
  5 goblins
  6 hobgoblins
  4 jackals (D:1)
  8 kobolds
  A quokka (D:2)
  9 bats
  4 frilled lizards
  3 rats
69 creatures vanquished.

Notes
Turn   | Place    | Note
-------+----------+-------------------------------------------
     0 | D:1      | ces the Minotaur Chaos Knight began the quest for the Orb.
     0 | D:1      | Reached XP level 1. HP: 19/19 MP: 0/0
    14 | D:1      | XOM: silly message
    27 | D:1      | Reached XP level 2. HP: 24/27 MP: 1/1
   198 | D:1      | XOM: 1-stop teleportation journey
   548 | D:1      | Reached XP level 3. HP: 33/33 MP: 2/2
   835 | D:2      | XOM: stealth player
  1032 | D:2      | XOM: divination: detect creatures
  1262 | D:2      | XOM: silly message
  1699 | D:3      | Reached XP level 4. HP: 29/40 MP: 3/3
  2000 | D:3      | XOM: silly message
  2159 | D:3      | Found a glowing silver altar of Zin.
  2304 | D:4      | XOM: smoke on damage
  2311 | D:4      | XOM: silly message
  2313 | D:4      | HP: 2/40 [poisoned by a killer bee]
  2313 | D:4      | Slain by a killer bee

Illustrated notes

Levels and vault maps discovered:
D:1:      saegor_arrival_simple_b, layout_basic, dreamdust_mushroom_princess,
          bh_walls_and_bars
D:2:      layout_loops_corners, chequers_serial_rivers_room_b,
          minmay_misc_feat_alley, kennysheep_crisscross
D:3:      layout_rooms, mainiacjoe_overflow_paths
D:4:      layout_loops_ring, kiku_gazebo_garden_becter,
          mainiacjoe_overflow_alcove_4, serial_library,
          serial_library_regret_index_small_wings,
          serial_library_regret_index_multi,
          serial_library_hellmonk_small_alcove,
          serial_library_hellmonk_statue_hall,
          serial_library_hellmonk_open_cross, serial_library_hellmonk_room_c,
          serial_library_hellmonk_open_square

Skill      XL: |  1  2  3 |
---------------+----------+-----
Axes           | 4 |  4.9
Fighting       | 4 |  4.3
Armour         | 3 |  3.3
Dodging        | 2 |  2.2

Action                     |  1- 3 |  4- 6 || total
---------------------------+-------+-------++-------
  Melee: Hand axe          |    97 |    33 ||   130
         Headbutt          |    13 |     4 ||    17
    Use: Potion            |       |     3 ||     3
   Stab: Sleeping          |     1 |       ||     1
 Armour: Leather armour    |    59 |    41 ||   100
  Dodge: Dodged            |    73 |    38 ||   111
